 Dungeon Crawl Stone Soup version 0.30.0-19-g36f170ea60 (webtiles) character file.

Game seed: 8463037067267629257

1146 cowcol the Cleaver (level 8, 0/70 HPs)
             Began as a Minotaur Fighter on June 2, 2023.
             Slain by Pikel
             ... wielding a +1 whip of flaming
              (1 damage)
             ... on level 6 of the Dungeon.
             The game lasted 00:11:54 (3991 turns).

cowcol the Cleaver (Minotaur Fighter)               Turns: 3991, Time: 00:11:55

Health: 0/70       AC:  9    Str: 23    XL:     8   Next: 15%
Magic:  7/7        EV: 10    Int:  5    God:
Gold:   243        SH:  4    Dex: 10    Spells: 7/7 levels left

rFire   + . .        a - +0 war axe
rCold   . . .        c - +0 buckler
rNeg    . . .        b - +0 scale mail
rPois   .            (helmet restricted)
rElec   .            (no cloak)
rCorr   .            (no gloves)
SInv    .            (no boots)
Will    .....        (no amulet) Stlth
                     (no ring)
HPRegen 0.31/turn    (no ring)
MPRegen 0.10/turn

%: no passive effects
@: no status effects
A: horns 2, retaliatory headbutt, iridescent scales 1, fire resistance 1
a: no special abilities


You were on level 6 of the Dungeon.
You visited 1 branch of the dungeon, and saw 6 of its levels.

You collected 243 gold pieces.

Inventory:

Hand Weapons
 a - a +0 war axe (weapon)
Missiles
 d - 19 poisoned darts (quivered)
Armour
 b - a +0 scale mail (worn)
 c - a +0 buckler (worn)
Jewellery
 l - a ring of ice
Wands
 r - a wand of digging (6)
 x - a wand of roots (14)
Scrolls
 h - a scroll of poison
 i - a scroll of fear
 p - a scroll of amnesia
 q - a scroll of noise
 t - a scroll of teleportation
 y - 2 scrolls of fog
 z - 2 scrolls of magic mapping
Potions
 e - a potion of flight {unknown}
 f - a potion of mutation
 g - 2 potions of magic {unknown}
 j - a potion of ambrosia {unknown}
 k - a potion of heal wounds {unknown}
 m - 2 potions of degeneration {unknown}
 n - 2 potions of brilliance {unknown}
 o - 2 potions of lignification {unknown}
 u - a potion of attraction {unknown}
 v - a potion of curing
 w - 2 potions of invisibility {unknown}


   Skills:
 + Level 5.9 Fighting
 + Level 8.3 Axes
 - Level 1.0 Throwing
 + Level 6.3 Armour
 - Level 2.0 Dodging
 - Level 4.8 Shields


You had 7 spell levels left.
You didn't know any spells.
Your spell library contained the following spells:

 Spells                   Type           Power      Damage    Failure   Level
 Summon Guardian Golem    Hex/Summ       0%         N/A       99%         3
 Orb of Destruction       Conj           0%         9d5       100%        7
 Spellforged Servitor     Conj/Summ      0%         N/A       100%        7


Dungeon Overview and Level Annotations

Branches:
Dungeon (6/15)
 Temple: D:4-7

Altars:
Dithmenos
Fedhas
Hepliaklqana
Uskayaw
Vehumet
Wu Jian
Xom

Shops:
D:4 :

Annotations:
D:6 Pikel


Innate Abilities, Weirdness & Mutations

You have a pair of horns on your head.
You reflexively headbutt those who attack you in melee.
You are partially covered in iridescent scales. (AC +2)
Your flesh is heat resistant. (rF+)


Message History

You closely miss the lemure. You hit the iguana. You slash the lemure!
You barely miss the lemure. You hit the lemure but do no damage.
The lemure barely misses you. You furiously retaliate!
You headbutt the lemure. The iguana barely misses you.
The lemure closely misses you. The lemure hits you but does no damage.
Pikel hits you with a +1 whip of flaming.
Pikel burns you. The lemure barely misses you.
You closely miss Pikel.
Pikel is severely wounded.
You slash the iguana!
You kill the iguana!
You hit the lemure. You barely miss the lemure. You closely miss the lemure. x2
The lemure barely misses you. You block the lemure's attack.
You block Pikel's attack. The lemure barely misses you.
You furiously retaliate!
You headbutt the lemure! The lemure hits you.
You barely miss Pikel. You headbutt Pikel, but do no damage.
Pikel is severely wounded.
You hit the lemure. You miss the lemure. You hit the lemure but do no damage.
You closely miss the lemure. The lemure closely misses you.
The lemure hits you.
Pikel cracks his whip.
Pikel hits you but does no damage. The lemure barely misses you.
You block the lemure's attack.
You closely miss Pikel. You headbutt Pikel!
Pikel is almost dead.
You closely miss the lemure. x3; You barely miss the lemure.
You block the lemure's attack. The lemure hits you.
Pikel hits you with a +1 whip of flaming!
* * * LOW HITPOINT WARNING * * *
Pikel burns you.
* * * LOW HITPOINT WARNING * * *
The lemure closely misses you. The lemure hits you.
* * * LOW HITPOINT WARNING * * *
The lemure hits you.
* * * LOW HITPOINT WARNING * * *
The lemure barely misses you. You furiously retaliate!
You headbutt the lemure!
Pikel hits you with a +1 whip of flaming.
* * * LOW HITPOINT WARNING * * *
Pikel burns you.
You die...

###.##l .... ....... ...#
....... ..# . ..
.###...###.# ##.....
.........#.####..........
.................#.......
......?..#...###.........
......!K†5.........>.....
#.....l5@#....#.......###
#......55..##............
#...........###..........
######..###..............
...## #####..........
?...# #.......... ....
#......[<.. ....
##..(...... ## ##...#....


You could see Pikel, 4 lemures and an iguana.

Vanquished Creatures
  Eustachio (D:4)
  2 ogres
  Blork the orc (D:4)
  3 scorpions
  4 hounds
  2 jellies (D:5)
  A gnoll bouda (D:5)
  6 iguanas
  2 orc wizards (D:4)
  5 adders
  7 gnolls
  An ufetubus (D:5)
  A worm (D:5)
  4 dart slugs
  7 orcs
  2 endoplasms
  8 giant cockroaches
  6 goblins
  3 hobgoblins
  4 jackals (D:4)
  6 quokkas
  6 ball pythons
  6 bats
  2 frilled lizards
  7 kobolds
  13 rats
110 creatures vanquished.

Notes
Turn   | Place    | Note
-------+----------+-------------------------------------------
     0 | D:1      | cowcol the Minotaur Fighter began the quest for the Orb.
     0 | D:1      | Reached XP level 1. HP: 19/19 MP: 0/0
   310 | D:1      | Reached XP level 2. HP: 27/27 MP: 1/1
   685 | D:1      | Found a faded altar of an unknown god.
   916 | D:2      | Reached skill level 3 in Axes
   945 | D:2      | Reached XP level 3. HP: 33/33 MP: 2/2
   976 | D:2      | You fall into a shaft and drop 1 floor!
  1226 | D:2      | Gained mutation: Your flesh is heat resistant. (rF+)
                  | [potion of mutation]
  1226 | D:2      | Gained mutation: You are partially covered in iridescent
                  | scales. (AC +2) [potion of mutation]
  1409 | D:3      | Found an ornate altar of the Wu Jian Council.
  1489 | D:3      | Reached XP level 4. HP: 35/40 MP: 3/3
  1684 | D:3      | Found a radiant altar of Vehumet.
  1685 | D:3      | Found a hazy altar of Hepliaklqana.
  1724 | D:3      | Found a shadowy altar of Dithmenos.
  1891 | D:4      | Reached XP level 5. HP: 38/47 MP: 4/4
  1907 | D:4      | Noticed Eustachio
  1943 | D:4      | Killed Eustachio
  1944 | D:4      | Reached skill level 5 in Fighting
  1944 | D:4      | Reached skill level 4 in Axes
  1944 | D:4      | Reached skill level 5 in Armour
  1944 | D:4      | Reached skill level 1 in Dodging
  1944 | D:4      | Reached XP level 6. HP: 39/56 MP: 5/5
  2070 | D:4      | Noticed Blork the orc
  2082 | D:4      | Killed Blork the orc
  2083 | D:4      | Reached skill level 5 in Axes
  2520 | D:4      | Reached skill level 6 in Axes
  2520 | D:4      | Reached skill level 1 in Throwing
  2520 | D:4      | Reached XP level 7. HP: 61/61 MP: 6/6
  2688 | D:4      | Found Ocyn's Book Shop.
  2865 | D:5      | Entered Level 5 of the Dungeon
  2900 | D:5      | Found a blossoming altar of Fedhas.
  2987 | D:5      | Found a hide-covered altar of Uskayaw.
  2992 | D:5      | Noticed a +0 hand axe
  2994 | D:5      | Noticed a +0 hand axe
  3027 | D:5      | Reached skill level 7 in Axes
  3875 | D:5      | Found a shimmering altar of Xom.
  3944 | D:6      | Reached skill level 8 in Axes
  3944 | D:6      | Reached XP level 8. HP: 66/70 MP: 7/7
  3971 | D:6      | Noticed Pikel
  3991 | D:6      | HP: 1/70 [Pikel/+1 whip of flaming (6)]
  3991 | D:6      | Slain by Pikel

Illustrated notes

Levels and vault maps discovered:
D:1:      lightli_arrival_noodles, layout_loops_corners,
          shapermc_ecumenical_altar_mp_urbaneastern,
          amcnicky_mini_corridor_feature
D:2:      layout_rooms
D:3:      layout_basic, mainiacjoe_overflow_boulevard, grunt_dithmenos_smoke,
          gammafunk_temple_overflow_statue
D:4:      layout_cave_pods, serial_shops, kennysheep_mini_moat,
          portal_sewer_entry_e, uniq_blork_the_orc, uniq_eustachio
D:5:      layout_rooms, dancing_weapons_uskayaw, kennysheep_mini, tgw_xom
D:6:      layout_rooms, minmay_temple_entry_proselytizer, uniq_pikel

Skill      XL: |  1  2  3  4  5  6  7 |
---------------+----------------------+-----
Fighting       | 4 5 |  5.9
Axes           | 3 4 6 8 |  8.3
Armour         | 4 5 6 |  6.3
Shields        | 4 |  4.8
Dodging        | 1 2 |  2.0
Throwing       | 1 |  1.0

Action                     |  1- 3 |  4- 6 |  7- 9 || total
---------------------------+-------+-------+-------++-------
  Melee: War axe           |    70 |    84 |    87 ||   241
         Headbutt          |     7 |    14 |    23 ||    44
  Throw: Stone             |     3 |       |       ||     3
         Dart              |       |     4 |       ||     4
    Use: Scroll            |     3 |     2 |     3 ||     8
         Potion            |     2 |       |     1 ||     3
 Armour: Scale mail        |    32 |    59 |    37 ||   128
  Dodge: Dodged            |    44 |    55 |    63 ||   162
  Block: Buckler           |    12 |    21 |    24 ||    57
